 Dungeon Crawl Stone Soup version 0.30-a0-949-g53dc5368d7 (webtiles) character file.

Game seed: 1298173474079515008

99780 xian the Executioner (level 15, 0/216 HPs)
             Began as a Minotaur Berserker on Mar 28, 2023.
             Was a High Priest of Trog.
             Slain by a fire elemental (9 damage)
             ... summoned by a deep elf pyromancer
             ... on level 2 of the Elven Halls.
             The game lasted 01:13:18 (20864 turns).

xian the Executioner (Minotaur Berserker)          Turns: 20864, Time: 01:13:19

Health: 0/216      AC: 27    Str: 21    XL:     15   Next: 78%
Magic:  14/14      EV: 12    Int: 10    God:    Trog [*****.]
Gold:   529        SH:  5    Dex: 20    Spells: 14/14 levels left

rFire   . . .      SeeInvis +    L - +3 battleaxe "Imohyo" {heavy, Will- rCorr Str-4 Dex+7}
rCold   + + .      Faith    .    (shield currently unavailable)
rNeg    + + .      Spirit   .    n - +5 chain mail of the Wasteland {Rampage rC+++ rCorr Str-3}
rPois   .          Reflect  +    W - +2 hat
rElec   +          Rampage  +    q - scarf "Trusted Companion" {repulsion, rN++ Dex-2 Slay+2 Stlth+}
rCorr   +                        K - +2 pair of gloves
Will    ++...                    Q - +0 pair of boots "Logabugi" {Int+3 Dex+4} Stlth
                                 V - amulet of reflection
HPRegen 1.56/turn                E - ring of Naepp {+Blink Fly rElec rC- rCorr Int+3}
MPRegen 0.14/turn                P - ring of see invisible

@: berserking, strong-willed, flying, regenerating, studying Transmutations,
repel missiles, very quick
A: horns 2, retaliatory headbutt
a: Renounce Religion, Evoke Blink, Berserk, Trog's Hand, Brothers in Arms


You were on level 2 of the Elven Halls.
You worshipped Trog.
Trog was extremely pleased with you.
You visited 4 branches of the dungeon, and saw 22 of its levels.
You also visited: Ice Cave.

You collected 2156 gold pieces.
You spent 1627 gold pieces at shops.

Inventory:

Hand Weapons
 z - the +4 consecrated labrys {holy, Valiant Fragile Fly SInv}
   (Trog gifted it to you on level 2 of the Orcish Mines)

   Valiant:   It becomes more powerful as more dangerous foes come into view.
   SInv:      It lets you see invisible.
   Fly:       It grants you flight.
   Fragile:   It will be destroyed if unequipped.
 L - the +3 battleaxe "Imohyo" (weapon) {heavy, Will- rCorr Str-4 Dex+7}
   (Trog gifted it to you on level 8 of the Dungeon)

   Str:       It affects your strength (-4).
   Dex:       It affects your dexterity (+7).
   rCorr:     It protects you from acid and corrosion.
   Will:      It decreases your willpower.
 R - the +10 battleaxe of Goboh {freeze, rPois Str+4 Int+4 Dex-5}
   (You found it on level 10 of the Dungeon)

   Str:       It affects your strength (+4).
   Int:       It affects your intelligence (+4).
   Dex:       It affects your dexterity (-5).
   rPois:     It protects you from poison.
 Y - a +3 longbow of freezing
Missiles
 d - 47 stones (quivered)
 r - 3 curare-tipped darts
 s - 13 boomerangs
 y - 59 poisoned darts
Armour
 n - the +5 chain mail of the Wasteland (worn) {Rampage rC+++ rCorr Str-3}
   (You found it on level 2 of the Dungeon)

   Str:       It affects your strength (-3).
   rC:        It renders you almost immune to cold.
   rCorr:     It protects you from acid and corrosion.
   Rampage:   It bestows one free step when moving towards enemies.
 q - the scarf "Trusted Companion" (worn) {repulsion, rN++ Dex-2 Slay+2 Stlth+}
   (You found it on level 13 of the Dungeon)

   Dex:       It affects your dexterity (-2).
   Slay:      It affects your accuracy & damage with ranged weapons and melee
   (+2).
   rN:        It greatly protects you from negative energy.
   Stlth:     It makes you more stealthy.
 v - a +2 kite shield of reflection
 K - a +2 pair of gloves (worn)
 Q - the +0 pair of boots "Logabugi" (worn) {Int+3 Dex+4}
   (You found it on level 1 of the Lair of Beasts)

   Int:       It affects your intelligence (+3).
   Dex:       It affects your dexterity (+4).
 W - a +2 hat (worn)
Jewellery
 a - a +4 ring of slaying
 E - the ring of Naepp (left hand) {+Blink Fly rElec rC- rCorr Int+3}
   (You bought it in a shop on level 2 of the Orcish Mines)

   [ring of flight]

   Int:       It affects your intelligence (+3).
   rC:        It makes you vulnerable to cold.
   rElec:     It insulates you from electricity.
   Fly:       It grants you flight.
   +Blink:    It lets you blink.
   rCorr:     It protects you from acid and corrosion.
 P - a ring of see invisible (right hand)
 V - an amulet of reflection (around neck)
Wands
 c - a wand of iceblast (11)
 u - a wand of quicksilver (2)
 D - a wand of charming (31)
 F - a wand of digging (19)
 J - a wand of flame (56)
 N - a wand of polymorph (3)
 T - a wand of mindburst (25)
Scrolls
 e - 4 scrolls of brand weapon
 f - 2 scrolls of blinking
 g - 16 scrolls of teleportation
 l - 3 scrolls of immolation
 p - a scroll of identify
 x - 2 scrolls of magic mapping
 B - a scroll of butterflies
 C - 4 scrolls of fear
 G - 2 scrolls of enchant weapon
 H - 3 scrolls of poison
 S - 4 scrolls of fog
Potions
 b - 7 potions of heal wounds
 h - 11 potions of curing
 i - 5 potions of cancellation
 j - 2 potions of berserk rage
 k - 9 potions of haste
 m - 6 potions of mutation
 o - 3 potions of magic
 t - 7 potions of might
 w - 3 potions of invisibility
 A - 6 potions of ambrosia
 O - 3 potions of resistance
Miscellaneous
 U - a piece from Xom's chessboard (15/15)


   Skills:
 + Level 16.0 Fighting
 + Level 21.5 Axes
 + Level 4.7 Throwing
 * Level 18.3 Armour
 + Level 6.1 Dodging
 + Level 2.9 Stealth
 + Level 5.3 Shields


You had 14 spell levels left.
You didn't know any spells.
Your spell library contained the following spells:

 Spells                   Type           Power      Damage    Failure   Level
 Apportation              Tloc           0%         N/A       85%         1
 Freeze                   Ice            0%         1d3       85%         1
 Magic Dart               Conj           0%         1d3       85%         1
 Sandblast                Erth           0%         2d4       85%         1
 Shock                    Conj/Air       0%         1d3       85%         1
 Sting                    Tmut/Pois      0%         1d3       85%         1
 Blink                    Tloc           0%         N/A       94%         2
 Ensorcelled Hibernation  Hex/Ice        0%         N/A       94%         2
 Lesser Beckoning         Tloc           0%         N/A       94%         2
 Momentum Strike          Conj/Tloc      0%         3d8       94%         2
 Passwall                 Tmut/Erth      0%         N/A       94%         2
 Poisonous Vapours        Pois/Air       0%         N/A       94%         2
 Searing Ray              Conj           0%         2d4       94%         2
 Call Canine Familiar     Summ           0%         N/A       99%         3
 Frozen Ramparts          Ice            0%         1d1       99%         3
 Hailstorm                Conj/Ice       0%         3d3       99%         3
 Inner Flame              Hex/Fire       0%         N/A       99%         3
 Kindle Blastsparks       Fire/Tloc/Air  0%         2d10      99%         3
 Ozocubu's Armour         Ice            0%         N/A       99%         3
 Portal Projectile        Hex/Tloc       0%         N/A       99%         3
 Stone Arrow              Conj/Erth      0%         3d7       99%         3
 Swiftness                Air            0%         N/A       99%         3
 Tukima's Dance           Hex            0%         N/A       99%         3
 Flame Wave               Conj/Fire      0%         2d4       100%        4
 Fulminant Prism          Conj/Hex       0%         3d5       100%        4
 Ice Form                 Ice/Tmut       0%         N/A       100%        4
 Iskenderun's Mystic Bla  Conj/Tloc      0%         2d3       100%        4
 Leda's Liquefaction      Hex/Erth       0%         N/A       100%        4
 Manifold Assault         Tloc           0%         N/A       100%        4
 Olgreb's Toxic Radiance  Pois           0%         N/A       100%        4
 Passage of Golubria      Tloc           0%         N/A       100%        4
 Sticky Flame             Conj/Fire      0%         2d3       100%        4
 Summon Ice Beast         Ice/Summ       0%         N/A       100%        4
 Summon Lightning Spire   Summ/Air       0%         N/A       100%        4
 Alistair's Intoxication  Tmut/Pois      0%         N/A       100%        5
 Iskenderun's Battlesphe  Conj           0%         2d6       100%        5
 Lee's Rapid Deconstruct  Erth           0%         3d4*      100%        5
 Metabolic Englaciation   Hex/Ice        0%         N/A       100%        5
 Summon Forest            Summ/Tloc      0%         N/A       100%        5
 Yara's Violent Unravell  Hex/Tmut       0%         3d3       100%        5
 Simulacrum               Ice/Necr       0%         N/A       100%        6
 Statue Form              Tmut/Erth      0%         N/A       100%        6
 Malign Gateway           Summ/Tloc      0%         N/A       100%        7
 Monstrous Menagerie      Summ           0%         N/A       100%        7
 Storm Form               Tmut/Air       0%         N/A       100%        7
 Maxwell's Capacitive Co  Air            0%         ∞         100%        8
 Summon Horrible Things   Summ           0%         N/A       100%        8
 Dragon's Call            Summ           0%         N/A       100%        9


Dungeon Overview and Level Annotations

Branches:
Dungeon (13/15)            Temple (0/1) D:4            Lair (5/5) D:8
  Swamp (0/4) Lair:2        Snake (0/4) Lair:3        Slime (0/5) Lair:4
    Orc (2/2) D:10            Elf (2/3) Orc:2        Vaults (0/5) D:13
  IceCv (visited)

Altars:
Cheibriados
Kikubaaqudgha
Makhleb
Nemelex Xobeh
Qazlal
Trog
Xom
The Shining One

Shops:
D:5 [?(*[   D:13 =   Orc:2 =[[?(   Elf:1 *

Annotations:
Elf:2 Asterion


Innate Abilities, Weirdness & Mutations

You have a pair of horns on your head.
You reflexively headbutt those who attack you in melee.


Message History

You miss the Executioner. You slice the fire elemental!!
You completely miss the fire elemental. You slash the fire elemental!
The Executioner hits you!!
* * * LOW HITPOINT WARNING * * *
The Executioner barely misses you.
The Executioner hits you but does no damage.
The fire elemental hits you. The fire elemental burns you!
* * * LOW HITPOINT WARNING * * *
The fire elemental hits you. The fire elemental burns you!
* * * LOW HITPOINT WARNING * * *
Asterion hits you with a +2 broad axe of freezing.
* * * LOW HITPOINT WARNING * * *
Asterion gores you but does no damage. You block the fire elemental's attack.
The water elemental is engulfed in blazing flames.
You are too berserk!
Okay, then.
Asterion blocks your attack. x2
Asterion is almost dead.
You completely miss the fire elemental. You barely miss the fire elemental.
You completely miss the Executioner. You slash the fire elemental!
You feel the power of Trog in you as your rage grows.
You destroy the fire elemental!
The fire elemental disappears in a puff of smoke!
The Executioner hits you but does no damage. x2
You block the Executioner's attack. The fire elemental hits you.
The fire elemental closely misses you.
The Executioner hits you but does no damage.
The Executioner closely misses you.
The Executioner hits you but does no damage.
Asterion prays to Makhleb.
Asterion seems to speed up.
Asterion blocks your attack.
Asterion is almost dead.
You closely miss the fire elemental. You slice the fire elemental!!
You destroy the fire elemental!
The fire elemental disappears in a puff of smoke!
You barely miss the Executioner. The Executioner misses you.
The Executioner hits you but does no damage. x2
The fire elemental hits you. The fire elemental burns you!
You die...

#. # .. e° #.
.# #. ○#
#.######E#####
.#......°......
.'.<...)E......
+...##HE#####
##++##1@# #§§#
.'.°# ...#..e
[...####.☼ ...#
++ ##+


You could see Asterion (fast), an Executioner (summoned), a deep elf archer
(empowered, repels missiles), a water elemental, a deep elf pyromancer
(empowered) and 2 fire elementals.

Vanquished Creatures
  Frances (D:13)
  Louise (Elf:1)
  A reaper (IceCv)
  2 deep elf demonologists
  A deep elf death mage (Elf:2)
  A deep elf high priest (Elf:2)
  2 vault guards (D:13)
  Fannar (D:10)
  7 hydras
  2 centaur warriors
  2 boulder beetles
  2 ogre magi (Orc:2)
  4 catoblepae
  6 death yaks (Lair:5)
  9 two-headed ogres
  2 tengu warriors (D:13)
  4 dancing weapons (Elf:1)
  Sonja (D:11)
  A deep elf knight (Elf:2)
  A fire crab (Lair:3)
  2 deep trolls (Orc:2)
  2 wizards (D:13)
  2 necromancers (D:13)
  A deep elf archer (Elf:1)
  11 deep elf pyromancers
  12 deep elf zephyrmancers
  7 cyclopes
  2 orc sorcerers
  3 manticores
  2 ugly things
  Maurice (D:11)
  3 black mambas
  5 elephants
  Maggie (D:6)
  2 torpor snails
  2 ice statues (IceCv)
  2 gargoyles
  2 freezing wraiths
  2 efreet (D:13)
  3 kobold demonologists (D:12)
  6 cane toads
  A yaktaur (D:13)
  9 komodo dragons
  Psyche (D:9)
  The ghost of pigah the Insei, a novice OpWn (D:3)
  An unseen horror (D:11)
  4 rime drakes
  An anaconda simulacrum (IceCv)
  3 ice devils (IceCv)
  6 polar bears
  11 trolls
  A hornet (D:8)
  Grinder (D:5)
  14 blink frogs
  10 dream sheep
  Prince Ribbit (D:9)
  3 centaur simulacra (D:10)
  7 slime creatures
  A shadow (D:6)
  61 yaks
  A dire elephant simulacrum (IceCv)
  A water elemental (Elf:1)
  17 humans (D:13)
  5 wraiths
  An air elemental (Elf:1)
  6 wyverns
  2 fire bats (Lair:3)
  Grum (D:8)
  5 fire elementals
  3 death yak simulacra (IceCv)
  3 basilisks
  Menkaure (D:5)
  A warg (shapeshifter) (D:13)
  2 wargs
  A swamp worm (D:10)
  19 water moccasins
  A naga (Lair:3)
  Duvessa (D:7)
  3 acid dragons
  2 hell hounds (Lair:3)
  12 orc warriors
  An ice beast (D:7)
  3 black bears
  19 ogres
  4 centaurs
  7 wolves
  A phantom (D:6)
  6 kobold brigands
  13 bullfrogs
  2 gnoll sergeants
  2 two-headed ogre simulacra (IceCv)
  An earth elemental (Elf:1)
  5 wights (D:7)
  Dowan (D:7)
  5 killer bees (D:11)
  2 elephant simulacra (IceCv)
  3 howler monkeys (D:8)
  3 electric eels (Lair:1)
  3 lava snakes (Lair:1)
  A gnoll bouda (D:6)
  5 orc priests
  3 hounds
  3 jellies
  Crazy Yiuf (D:5)
  A sleepcap (D:5)
  Jessica (D:3)
  2 iguanas (D:5)
  21 orc wizards
  A polar bear simulacrum (IceCv)
  A spriggan simulacrum (IceCv)
  A troll simulacrum (IceCv)
  33 gnolls
  10 adders
  4 naga simulacra (IceCv)
  2 shadow imps (D:6)
  6 white imps
  2 ufetubi
  3 worms
  3 dart slugs
  39 orcs
  2 bats (D:1)
  10 endoplasms
  3 giant cockroaches
  6 goblins
  4 hobgoblins
  13 jackals
  5 quokkas
  5 ball pythons
  3 frilled lizards
  27 kobolds
  5 rats
  A butterfly (Lair:2)
  A fungus (Lair:4)
658 creatures vanquished.

Vanquished Creatures (others)
  A deep elf archer (Elf:2)
  An ufetubus (D:6)
  14 fungi
  30 plants
46 creatures vanquished.

Grand Total: 704 creatures vanquished

Notes
Turn   | Place    | Note
-------+----------+-------------------------------------------
     0 | D:1      | xian the Minotaur Berserker began the quest for the Orb.
     0 | D:1      | Reached XP level 1. HP: 19/19 MP: 0/0
   116 | D:1      | Reached XP level 2. HP: 27/27 MP: 1/1
   222 | D:1      | Reached skill level 4 in Axes
   761 | D:1      | Found a faded altar of an unknown god.
   921 | D:2      | Reached XP level 3. HP: 33/33 MP: 2/2
   921 | D:2      | Reached ** piety under Trog
   969 | D:2      | Identified the +5 chain mail of the Wasteland {Rampage
                  | rC+++ rCorr Str-3}
  1248 | D:2      | Reached XP level 4. HP: 41/41 MP: 3/3
  1415 | D:3      | Noticed Jessica
  1423 | D:3      | Killed Jessica
  1473 | D:3      | Reached skill level 5 in Axes
  1689 | D:3      | Found a runed translucent gate.
  1689 | D:3      | Noticed a kobold brigand
  1689 | D:3      | Noticed pigah's ghost (novice OpWn)
  1690 | D:3      | Found a runed translucent gate.
  1691 | D:3      | Found a runed translucent gate.
  1706 | D:3      | Killed a kobold brigand
  1707 | D:3      | Reached XP level 5. HP: 47/47 MP: 4/4
  1708 | D:3      | Killed pigah's ghost
  1709 | D:3      | Reached skill level 5 in Fighting
  1709 | D:3      | Reached skill level 6 in Axes
  1709 | D:3      | Reached skill level 5 in Armour
  1709 | D:3      | Reached XP level 6. HP: 56/56 MP: 5/5
  2312 | D:3      | Found a bloodstained altar of Trog.
  2312 | D:3      | Found a glowing golden altar of the Shining One.
  2313 | D:3      | Found a shimmering altar of Xom.
  2590 | D:4      | Reached XP level 7. HP: 61/61 MP: 6/6
  2829 | D:4      | Reached skill level 7 in Axes
  2880 | D:4      | Found a staircase to the Ecumenical Temple.
  2903 | D:4      | Reached *** piety under Trog
  3215 | D:5      | Entered Level 5 of the Dungeon
  3298 | D:5      | Found Pejougre's Antique Armour Shoppe.
  3407 | D:5      | Found Imuam's Magic Scroll Emporium.
  3415 | D:5      | Bought a scroll of identify for 28 gold pieces
  3415 | D:5      | Bought a scroll of teleportation for 42 gold pieces
  3415 | D:5      | Bought a scroll of noise for 14 gold pieces
  3423 | D:5      | Noticed Grinder
  3425 | D:5      | Paralysed by Grinder for 3 turns
  3432 | D:5      | Killed Grinder
  3433 | D:5      | Reached skill level 8 in Axes
  3451 | D:5      | Found Zudiam's Assorted Antiques.
  3455 | D:5      | Found Xime's Weapon Shoppe.
  3456 | D:5      | Bought a crooked copper wand for 84 gold pieces
  3456 | D:5      | Bought a long lead wand for 84 gold pieces
  3546 | D:5      | Found Ciri's Antique Armour Shoppe.
  3699 | D:5      | Noticed Menkaure
  3702 | D:5      | Killed Menkaure
  3703 | D:5      | Reached skill level 1 in Throwing
  3703 | D:5      | Reached XP level 8. HP: 70/70 MP: 7/7
  3705 | D:5      | Found an ancient bone altar of Kikubaaqudgha.
  3841 | D:5      | Found a stormy altar of Qazlal.
  3908 | D:5      | Found a runed translucent door.
  3909 | D:5      | Noticed Crazy Yiuf
  3914 | D:5      | Killed Crazy Yiuf
  4387 | D:6      | Noticed Maggie
  4400 | D:6      | Killed Maggie
  4401 | D:6      | Reached skill level 9 in Axes
  4629 | D:6      | Reached **** piety under Trog
  4878 | D:6      | Reached XP level 9. HP: 78/78 MP: 8/8
  5063 | D:6      | Reached skill level 10 in Axes
  5852 | D:7      | Found a sparkling altar of Nemelex Xobeh.
  5852 | D:7      | Noticed Duvessa
  5852 | D:7      | Noticed Dowan
  5857 | D:7      | Killed Duvessa
  5860 | D:7      | Killed Dowan
  5936 | D:7      | Reached skill level 1 in Stealth
  6362 | D:7      | Reached skill level 11 in Axes
  6510 | D:8      | Noticed Grum
  6517 | D:8      | Reached skill level 10 in Armour
  6523 | D:8      | Killed Grum
  6780 | D:8      | Reached XP level 10. HP: 86/86 MP: 9/9
  6803 | D:8      | Noticed an elephant
  6823 | D:9      | Noticed Prince Ribbit
  6829 | D:9      | Killed Prince Ribbit
  6932 | D:9      | Reached skill level 12 in Axes
  6966 | D:9      | Noticed Psyche
  6971 | D:9      | Killed Psyche
  6979 | D:9      | Reached ***** piety under Trog
  7004 | D:8      | Killed an elephant
  7043 | D:8      | Identified the +3 battleaxe "Imohyo" {heavy, Will- rCorr
                  | Str-4 Dex+7} (Trog gifted it to you on level 8 of the
                  | Dungeon)
  7043 | D:8      | Received a gift from Trog
  7139 | D:8      | Found a staircase to the Lair.
  7799 | D:9      | Reached skill level 13 in Axes
  8158 | D:9      | Noticed a gargoyle
  8162 | D:9      | Killed a gargoyle
  8391 | D:10     | Entered Level 10 of the Dungeon
  8482 | D:10     | Noticed Fannar
  8493 | D:10     | Killed Fannar
  8494 | D:10     | Reached XP level 11. HP: 95/95 MP: 10/10
  8559 | D:10     | Reached skill level 14 in Axes
  8573 | D:10     | Got the +10 battleaxe of Goboh {freeze, rPois Str+4 Int+4
                  | Dex-5}
  8686 | D:10     | Found a staircase to the Orcish Mines.
  8993 | D:10     | Found a snail-covered altar of Cheibriados.
  9281 | D:11     | Noticed Sonja
  9291 | D:11     | Killed Sonja
  9295 | D:11     | Noticed a cyan ugly thing
  9300 | D:11     | Killed a cyan ugly thing
  9484 | D:11     | Noticed Maurice
  9490 | D:11     | Killed Maurice
  9698 | D:11     | Reached skill level 15 in Axes
  9853 | D:11     | Noticed a boulder beetle
  9860 | D:11     | Killed a boulder beetle
  9944 | D:10     | Reached XP level 12. HP: 94/105 MP: 11/11
  9993 | Lair:1   | Entered Level 1 of the Lair of Beasts
 10276 | Lair:1   | Received a gift from Trog
 10456 | Lair:1   | Identified the +0 pair of boots "Logabugi" {Int+3 Dex+4}
 10495 | Lair:1   | Reached skill level 10 in Fighting
 11313 | Lair:2   | Noticed an eight-headed hydra
 11319 | Lair:2   | Killed a ten-headed hydra
 11406 | Lair:2   | Found a staircase to the Swamp.
 11516 | Lair:2   | Reached skill level 16 in Axes
 11624 | Lair:2   | Noticed an eight-headed hydra
 11631 | Lair:2   | Killed a ten-headed hydra
 12151 | Lair:3   | Reached skill level 1 in Shields
 12175 | Lair:3   | Found a staircase to the Snake Pit.
 12186 | Lair:3   | Noticed a catoblepas
 12187 | Lair:3   | Reached skill level 15 in Armour
 12204 | Lair:3   | Killed a catoblepas
 12208 | Lair:3   | Noticed an eight-headed hydra
 12218 | Lair:3   | Killed an 11-headed hydra
 12545 | Lair:3   | Found a frozen archway.
 12554 | IceCv    | Entered an ice cave
 12770 | IceCv    | Reached XP level 13. HP: 109/116 MP: 12/12
 12835 | IceCv    | Reached skill level 17 in Axes
 12857 | IceCv    | Noticed a reaper
 12874 | IceCv    | Killed a reaper
 12874 | IceCv    | Received a gift from Trog
 13202 | Lair:3   | Got Wiozxayp's Discursus on Ashen Blasts
 13459 | Lair:3   | Found a transporter.
 13490 | Lair:3   | Found a transporter.
 13889 | Lair:4   | Reached skill level 5 in Dodging
 14117 | Lair:4   | Reached skill level 18 in Axes
 14421 | Lair:4   | Received a gift from Trog
 14777 | Lair:4   | Found a staircase to the Slime Pits.
 14972 | Lair:5   | Entered Level 5 of the Lair of Beasts
 15329 | Lair:5   | Reached skill level 19 in Axes
 15597 | Lair:5   | Reached XP level 14. HP: 101/126 MP: 13/13
 16019 | Lair:5   | Got the Almanac of the Wild Familiar
 17610 | D:12     | Reached skill level 20 in Axes
 17992 | D:13     | Received a gift from Trog
 18000 | D:13     | Found Detink's Jewellery Shoppe.
 18034 | D:13     | Noticed Frances
 18046 | D:13     | Killed Frances
 18463 | D:13     | Found a gate to the Vaults.
 18492 | D:13     | Identified the scarf "Trusted Companion" {repulsion, rN++
                  | Dex-2 Slay+2 Stlth+}
 18706 | Orc:1    | Entered Level 1 of the Orcish Mines
 18989 | Orc:2    | Entered Level 2 of the Orcish Mines
 18989 | Orc:2    | Found a staircase to the Elven Halls.
 19003 | Orc:2    | Paralysed by an orc sorcerer for 2 turns
 19016 | Orc:2    | Received a gift from Trog
 19016 | Orc:2    | Found the +4 consecrated labrys {holy, Valiant Fragile Fly
                  | SInv}
 19124 | Orc:2    | Found Tewe's Magic Scroll Boutique.
 19132 | Orc:2    | Bought a scroll of identify for 28 gold pieces
 19132 | Orc:2    | Bought a scroll of teleportation for 42 gold pieces
 19132 | Orc:2    | Bought a scroll of enchant armour for 105 gold pieces
 19132 | Orc:2    | Bought a scroll of identify for 28 gold pieces
 19132 | Orc:2    | Bought a scroll of identify for 28 gold pieces
 19132 | Orc:2    | Bought a scroll of magic mapping for 105 gold pieces
 19148 | Orc:2    | Found a burning altar of Makhleb.
 19232 | Orc:2    | Reached XP level 15. HP: 138/138 MP: 14/14
 19233 | Orc:2    | Found Letzig's Armour Emporium.
 19238 | Orc:2    | Found Wenle's Jewellery Shoppe.
 19242 | Orc:2    | Found Nyefy's Armour Boutique.
 19244 | Orc:2    | Reached ****** piety under Trog
 19254 | Orc:2    | Reached skill level 21 in Axes
 19280 | Orc:2    | Bought a +2 kite shield of reflection for 222 gold pieces
 19290 | Orc:2    | Bought the ring of Naepp {+Blink Fly rElec rC- rCorr Int+3}
                  | for 737 gold pieces
 19296 | Orc:2    | Found Qoirabyck's Weapon Shoppe.
 19696 | Elf:1    | Entered Level 1 of the Elven Halls
 19711 | Elf:1    | Received a gift from Trog
 19743 | Elf:1    | Noticed Louise
 19755 | Elf:1    | Killed Louise
 19756 | Elf:1    | Reached skill level 15 in Fighting
 20083 | Elf:1    | Reached skill level 5 in Shields
 20131 | Elf:1    | Got the Lectures on Assembling
 20220 | Elf:1    | Found Zuweosy's General Store.
 20487 | Elf:1    | Bought a potion of might for 80 gold pieces
 20851 | Elf:2    | Noticed Asterion
 20861 | Elf:2    | Noticed an Executioner
 20862 | Elf:2    | HP: 6/216 [Asterion/+2 broad axe of freezing (6)]
 20864 | Elf:2    | Slain by a fire elemental

Illustrated notes

Levels and vault maps discovered:
D:1:      erik_arrival_triangle_medium, layout_loops_ring,
          basic_ecumenical_altar, minmay_misc_feat_iff
D:2:      layout_rooms
D:3:      layout_basic, gammafunk_temple_overflow_forgotten,
          gammafunk_ghost_nasty_kobolds, serial_co_window_serial,
          co_window_paths_b, co_window_of_opportunity_a, co_window_paths_a,
          co_window_paths_b, co_window_paths_b, co_window_cross_3,
          co_window_corner_b, co_window_paths_c, co_window_2corner,
          co_window_corner_ca, glass_columns_a, dk_vineyard_3, uniq_jessica
D:4:      layout_basic, temple_doors_cd
D:5:      layout_cave_pools, marbit_many_paths, kennysheep_mini_moat,
          serial_shops, nicolae_shop_bloodbath_and_beyond,
          nicolae_shop_overgrown_old_shop, shop, nicolae_shop_waterfront,
          nicolae_stop_n_shop_2, kennysheep_path_1, uniq_menkaure,
          uniq_crazy_yiuf_cottage, uniq_grinder
D:6:      kennysheep_spiral_hall, layout_layer_cave, nicolae_benzene_ring,
          lemuel_flamethrower_2, uniq_maggie
D:7:      layout_loops_ring, nemelex_diamond_rough_becter, uniq_duvessa
D:8:      layout_cave_pools, david_lair_generic, uniq_grum
D:9:      layout_loops_cross, chequers_jeans, uniq_psyche, uniq_prince_ribbit1
D:10:     minmay_coctagon, layout_basic, lemuel_doored_altar, orc_0_dummy,
          worms_lemuel, uniq_fannar
D:11:     minmay_distorted_concentric_squares, layout_rooms,
          minmay_misc_feat_doors, uniq_maurice, uniq_sonja
D:12:     layout_loops_corners
D:13:     layout_rooms, grunt_vaults_entry_tiered, serial_shops,
          nicolae_shop_statue_plus, uniq_frances
Lair:1:   layout_misc_corridors, st_stairs_9, nicolae_lair_liquid_snakes,
          infiniplex_staircase_pool
Lair:2:   layout_hall_layers, swamp_mist_pool, lemuel_fruit_fields
Lair:3:   gammafunk_cloud_chamber, layout_misc_corridors,
          guppyfry_snake_entry_garden, portal_ice_cave_entry_pillars_2,
          grunt_megastairs_4, serial_bayou_shore_b
Lair:4:   layout_loops_ring, dpeg_slime_entry_enclosed
Lair:5:   evilmike_catoblepas_cave, layout_cave_pods
Orc:1:    layout_caves
Orc:2:    st_orc_open, layout_diamond_mine, serial_shops,
          nicolae_shop_statue_plus, bloody_makhleb
Elf:1:    eino_elf_arrival_the_gate, layout_gridlike, serial_shops,
          nicolae_shop_crystal, minmay_elf_demonology, uniq_louise
Elf:2:    nicolae_elf_blades_crystal_corner, layout_gridlike,
          portal_desolation_entry_twin_temple, minmay_misc_feat_rows,
          minivault_16, grunt_ministairs_14,
          nicolae_elf_glass_and_crystal_pillar_2, uniq_asterion, uniq_zenata

Skill      XL: |  1  2  3  4  5  6  7  8  9 10 11 12 13 14 15 |
---------------+----------------------------------------------+-----
Fighting       | 4 5 6 7 8 9 11 12 14 16 | 16.0
Axes           | 4 5 6 8 9 11 13 15 16 19 20 21 | 21.5
Armour         | 3 4 5 6 8 10 12 14 15 16 17 18 | 18.3
Dodging        | 3 4 5 6 |  6.1
Throwing       | 1 2 3 4 |  4.7
Stealth        | 1 2 |  2.9
Shields        | 2 3 4 5 |  5.3

Action                     |  1- 3 |  4- 6 |  7- 9 | 10-12 | 13-15 || total
---------------------------+-------+-------+-------+-------+-------++-------
  Melee: Hand axe          |    63 |     2 |       |       |       ||    65
         Headbutt          |    10 |     5 |    38 |    55 |   122 ||   230
         War axe           |       |    42 |   218 |    52 |       ||   312
         Punch             |       |       |     1 |       |       ||     1
         Battleaxe         |       |       |       |   289 |   591 ||   880
  Throw: Stone             |       |     3 |    39 |    42 |    34 ||   118
         Dart              |       |       |       |     2 |       ||     2
 Invoke: Berserk           |       |     3 |    10 |     9 |    13 ||    35
         Trog's Hand       |       |     1 |       |     1 |     4 ||     6
    Use: Scroll            |       |       |     8 |     5 |    15 ||    28
         Potion            |       |       |       |       |     2 ||     2
   Stab: Petrified         |       |       |       |     8 |       ||     8
 Armour: Animal skin       |     2 |       |       |       |       ||     2
         Chain mail        |    37 |    20 |   120 |   248 |   318 ||   743
  Dodge: Dodged            |    39 |    12 |    99 |   151 |   211 ||   512
         Repelled          |       |       |       |       |     5 ||     5
  Block: Other             |       |       |       |    28 |    97 ||   125
         Reflection        |       |       |       |     2 |     5 ||     7

Table legend: (Time is in decaauts)
 A = Elapsed time spent in this place.
 B = Non-inter-level travel time spent in this place.
 C = Inter-level travel time spent in this place.
 D = Time resting spent in this place.
 E = Time spent auto-exploring this place.
 F = Levels seen in this place.
 G = Mean time per level.
                   A        B        C        D        E       F      G
               +--------+--------+--------+--------+--------+-----+--------+
         Total |  21070 |  19955 |   1115 |    469 |  14671 |  23 |  916.1 |
       Dungeon |  12071 |  11473 |    598 |     35 |   8700 |  13 |  928.5 |
          Lair |   6205 |   5796 |    409 |    434 |   4065 |   5 | 1241.0 |
  Orcish Mines |    984 |    903 |     81 |      0 |    635 |   2 |  492.0 |
   Elven Halls |   1179 |   1152 |     27 |      0 |    842 |   2 |  589.5 |
      Ice Cave |    629 |    629 |      0 |      0 |    428 |   1 |  629.0 |
               +--------+--------+--------+--------+--------+-----+--------+

Top non-repeatable levels by time:
     D:6: 1815 daAuts
  Lair:5: 1736 daAuts
  Lair:1: 1327 daAuts
  Lair:4: 1261 daAuts
     D:9: 1217 daAuts
     D:3: 1175 daAuts
   Elf:1: 1155 daAuts
    D:12: 1058 daAuts
  Lair:3: 993 daAuts
     D:1: 932 daAuts
    D:10: 922 daAuts
  Lair:2: 886 daAuts
    D:11: 813 daAuts
     D:5: 778 daAuts
     D:7: 775 daAuts
